 Dungeon Crawl Stone Soup version 0.25-a0-589-g1e14c549ee (webtiles) character file.

Game seed: 16991592674662827645, levelgen mode: deterministic

273 Gynju the Conjurer (level 6, -2/45 HPs)
             Began as a Draconian Conjurer on Mar 12, 2020.
             Was an Initiate of Nemelex Xobeh.
             Slain by an ogre
             ... wielding a +0 giant club
              (22 damage)
             ... on level 4 of the Dungeon.
             The game lasted 00:03:39 (3879 turns).

Gynju the Conjurer (Draconian Conjurer)             Turns: 3879, Time: 00:03:40

Health: -2/45      AC:  9    Str: 13    XL:     6   Next: 2%
Magic:  1/12       EV: 12    Int: 18    God:    Nemelex Xobeh [......]
Gold:   105        SH:  0    Dex: 11    Spells: 10/13 levels left

rFire    . . .     SeeInvis .   r - -1 flail (curse)
rCold    . . .     Gourm    .   (no shield)
rNeg     . . .     Faith    .   (armour unavailable)
rPois    .         Spirit   .   (helmet restricted)
rElec    .         Reflect  .   m - +1 cloak
rCorr    .         Harm     .   (no gloves)
MR       .....                  i - +0 pair of boots
Stlth    ++........             (no amulet)
HPRegen  0.15/turn              l - +3 ring of strength
MPRegen  0.13/turn              (no ring)

@: very slightly contaminated
A: unfitting armour, cold-blooded, AC +6
a: Draw Escape, Draw Destruction, Draw Summoning, Renounce Religion


You were on level 4 of the Dungeon.
You worshipped Nemelex Xobeh.
Nemelex Xobeh was noncommittal.
You were not hungry.

You visited 1 branch of the dungeon, and saw 4 of its levels.

You collected 105 gold pieces.

Inventory:

Hand Weapons
 n - a +0 mace
 r - a cursed -1 flail (weapon)
Armour
 i - a +0 pair of boots (worn)
 m - a +1 cloak (worn)
Jewellery
 l - a +3 ring of strength (left hand)
Scrolls
 d - 3 scrolls of identify {unknown}
 f - 2 scrolls of magic mapping {unknown}
 g - 4 scrolls of teleportation {unknown}
 k - a scroll of fear {unknown}
Potions
 a - a potion of brilliance {unknown}
 c - a potion of mutation {unknown}
 e - 5 potions of curing {unknown}
 j - a potion of resistance {unknown}
 o - a potion of cancellation {unknown}
 p - a potion of might {unknown}
 q - a potion of lignification {unknown}
Comestibles
 b - 6 rations
 h - 6 chunks of flesh


   Skills:
 - Level 1.7 Dodging
 - Level 1.7 Stealth
 + Level 4.0 Spellcasting
 + Level 5.5 Conjurations
 + Level 2.6 Invocations


You had 10 spell levels left.
You knew the following spells:

 Your Spells              Type           Power        Failure   Level  Hunger
a - Magic Dart            Conj           ###.         1%          1    None
b - Searing Ray           Conj           ###...       2%          2    ##.....

Your spell library contained the following spells:

 Spells                   Type           Power        Failure   Level  Hunger
 Dazzling Flash           Conj/Hex       ##....       14%         3    ###....
 Fulminant Prism          Conj/Hex       ##........   43%         4    ####...
 Iskenderun's Mystic Bla  Conj/Tloc      ##......     43%         4    ####...


Dungeon Overview and Level Annotations

Branches:
Dungeon (4/15)
 Temple: D:4-7

Altars:
Gozag
Nemelex Xobeh


Innate Abilities, Weirdness & Mutations

Your plain brown scales are hard. (AC +6)
You cannot fit into any form of body armour.
You are cold-blooded and may be slowed by cold attacks.


Message History

Nothing appears to happen.
Some of the chunks of flesh in your inventory have rotted away.
Casting: Magic Dart (safe; 1% risk of failure)
Confirm with . or Enter, or press ? or * to list all spells.
Aiming: Magic Dart (safe; 1% risk of failure)
Press: ? - help, Shift-Dir - straight line, f/p - ogre
Aim: an ogre, wielding a +0 giant club (severely wounded)
The magic dart hits the ogre.
The ogre is severely wounded.
The ogre barely misses you.
Casting: Magic Dart (safe; 1% risk of failure)
Confirm with . or Enter, or press ? or * to list all spells.
Aiming: Magic Dart (safe; 1% risk of failure)
Press: ? - help, Shift-Dir - straight line, f/p - ogre
Aim: an ogre, wielding a +0 giant club (severely wounded)
The magic dart hits the ogre.
The ogre is almost dead.
The ogre hits you with a +0 giant club!!
You die...
Your body disappears without a glow.

......##..........#
##..................#
#...................#
#...................#
###................####
#..................#
...................#
#.........>......#
#.....@.........##
#..#..O..##.....##
.P...#.###########
P.≈.....# ≈≈≈≈.≈...
≈P≈≈≈≈P#.# ≈≈≈≈≈≈. ..
≈.≈≈.≈. #.# )≈≈≈≈≈P .#


You could see an ogre.

Vanquished Creatures
  3 orc priests
  4 gnolls (D:3)
  6 adders
  2 oozes (D:2)
  2 adder skeletons (D:4)
  A worm (D:3)
  2 dart slugs
  3 leopard geckos
  7 orcs
  4 giant cockroaches
  3 goblins
  4 hobgoblins
  4 jackals
  A quokka (D:3)
  A ball python (D:1)
  7 bats
  A frilled lizard (D:1)
  9 kobolds
  10 rats
74 creatures vanquished.

Notes
Turn   | Place    | Note
-------+----------+-------------------------------------------
     0 | D:1      | Gynju the Draconian Conjurer began the quest for the Orb.
     0 | D:1      | Reached XP level 1. HP: 14/14 MP: 3/3
   293 | D:1      | Reached XP level 2. HP: 20/20 MP: 3/5
   955 | D:2      | Reached XP level 3. HP: 26/26 MP: 0/7
  1092 | D:2      | Found a sparkling altar of Nemelex Xobeh.
  1112 | D:2      | Found an opulent altar of Gozag.
  1482 | D:2      | Became a worshipper of Nemelex Xobeh the Trickster
  1537 | D:2      | Reached XP level 4. HP: 33/33 MP: 4/8
  1647 | D:2      | Reached skill level 5 in Conjurations
  1647 | D:2      | Reached skill level 1 in Invocations
  2504 | D:3      | Reached XP level 5. HP: 38/38 MP: 6/10
  2508 | D:3      | Learned a level 2 spell: Searing Ray
  3663 | D:4      | Reached XP level 6. HP: 45/45 MP: 7/11
  3704 | D:4      | Received a gift from Nemelex Xobeh
  3879 | D:4      | Slain by an ogre

Levels and vault maps discovered:
D:1:      minmay_arrival_nine_rooms, layout_basic
D:2:      layout_rooms, grunt_temple_overflow_opulence
D:3:      layout_loops_ring, minmay_misc_feat_nine_boxes, minmay_cut_off
D:4:      layout_rooms, minmay_overflow_temple_hex,
          nicolae_overflow_hidden_temple, first_ration,
          kennysheep_big_empty_room, serial_bayou_pond_b

Skill      XL: |  1  2  3  4  5  6 |
---------------+-------------------+-----
Spellcasting   | 3 4 |  4.0
Conjurations   | 5 |  5.5
Invocations    | 1 2 |  2.6
Dodging        | |  1.7
Stealth        | |  1.7

Action                   |  1- 3 |  4- 6 || total
-------------------------+-------+-------++-------
Melee: Unarmed           |     7 |       ||     7
       Tailslap          |     1 |     1 ||     2
       Club              |    12 |    12 ||    24
 Cast: Magic Dart        |    62 |   124 ||   186
  Eat: Chunk             |     2 |     7 ||     9
Armor: Skin              |     5 |    24 ||    29
Dodge: Dodged            |    21 |    46 ||    67

Table legend:
 A = Non-vault XP
 B = Vault XP
 C = Vault XP percentage of total XP
 D = Non-vault monster count
 E = Vault monster count
 F = Vault count percentage of total count
                 A         B        C        D         E       F
            +---------+---------+-------+---------+---------+-------
      Total |     366 |      24 |   6.2 |      68 |       6 |   8.1
            +---------+---------+-------+---------+---------+-------
        D:1 |      23 |       0 |   0.0 |      15 |       0 |   0.0
        D:2 |     161 |       0 |   0.0 |      28 |       0 |   0.0
        D:3 |     124 |      16 |  11.4 |      18 |       4 |  18.2
        D:4 |      58 |       8 |  12.1 |       7 |       2 |  22.2
            +---------+---------+-------+---------+---------+-------
